cohdb
Replays
Latest Replays
All Replays
Popular Replays
Top Player Replays
Match Explorer
How It Works
Community
CoH3 Stats
Reddit
Sign in to upload your games and track your stats! →
Sign in with Steam
Match 42442952
Unlisted
Match 42442952
Overview
Messages
Build Orders
End
Construct Infanterie Kompanie
Kettenkrad Recon Vehicle
Selects Breakthrough Battlegroup
Selects Assault Grenadiers
MG 42 Machine Gun Team
Grenadier Squad
Grenadier Squad
Infanterie Officer Quarters
GrW 34 Mortar Team
Construct Luftwaffe Kompanie
Flak 30 Anti-aircraft Gun Team
Selects Smoke Bombing Run
Selects Mechanized Assault Group
Medical Bunker
Support Elements
Jäger Squad
Munkee121
xenon
Tok3n x Operator
TechT0nic
0
0
Comments
sign in to comment!
No comments posted yet!